 Dungeon Crawl Stone Soup version 0.29.0-4-gdea44cf6ec (webtiles) character file.

Game seed: 11106947519596927430

29 qw the Chopper (level 3, -2/29 HPs)
             Began as a Barachi Chaos Knight on Sept 5, 2022.
             Slain by a gnoll
             ... wielding a +0 flail
              (10 damage)
             ... on level 2 of the Dungeon.
             The game lasted 00:00:29 (1341 turns).

qw the Chopper (Barachi Chaos Knight)               Turns: 1341, Time: 00:00:30

Health: -2/29      AC:  6    Str: 15    XL:     3   Next: 16%
Magic:  3/3        EV: 11    Int: 12    God:
Gold:   53         SH:  0    Dex: 11    Spells: 2/2 levels left

rFire   . . .      SeeInvis .   Y - +0 hand axe (chaos)
rCold   . . .      Faith    .   (no shield)
rNeg    . . .      Spirit   .   b - +2 leather armour
rPois   .          Reflect  .   g - +0 helmet
rElec   .          Harm     .   (no cloak)
rCorr   .          Rampage  .   (no gloves)
Will    .....                   (no boots)
Stlth   +.........              (no amulet)
HPRegen 0.09/turn               (no ring)
MPRegen 0.08/turn               (no ring)

@: slow
A: amphibious, slowness 1, strong legs 1, +LOS
a: Hop


You were on level 2 of the Dungeon.
You visited 1 branch of the dungeon, and saw 2 of its levels.

You collected 53 gold pieces.


Innate Abilities, Weirdness & Mutations

You are amphibious.
You cover ground slowly.
You can hop short distances.
You have an extended range of vision and can be seen from far away.


   Skills:
 - Level 3.6 Fighting
 + Level 4.6 Axes
 - Level 2.4 Armour
 - Level 1.1 Dodging


You had 2 spell levels left.
You didn't know any spells.
Your spell library was empty.

Inventory:

Hand Weapons
 k - a +0 whip
 Y - a +0 hand axe of chaos (weapon)
Armour
 b - a +2 leather armour (worn)
 g - a +0 helmet (worn)
Scrolls
 e - a scroll of enchant armour {unknown}
 f - a scroll of identify
Potions
 a - a potion of attraction {unknown}
 i - a potion of magic {unknown}
 j - a potion of curing {unknown}
Miscellaneous
 c - a piece from Xom's chessboard (15/15)

Dungeon Overview and Level Annotations

Branches:
Dungeon (2/15)

Altars:

Shops:
D:1 :


Message History

You hit the gnoll but do no damage.
The gnoll suddenly seems more agile.
The gnoll hits you with a +0 halberd.
You miss the gnoll. The gnoll barely misses you.
You hit the gnoll but do no damage. You drain the gnoll.
The gnoll is lightly wounded.
You hit the endoplasm but do no damage.
The endoplasm hits you but does no damage.
You hit the gnoll.
The gnoll seems to speed up.
The gnoll is heavily wounded.
You hit the gnoll but do no damage. You hit the endoplasm.
The gnoll barely misses you. The endoplasm barely misses you.
The gnoll closely misses you. The gnoll barely misses you.
You miss the gnoll.
The gnoll is heavily wounded.
You hit the endoplasm. You burn the endoplasm. You hit the gnoll.
You freeze the gnoll. The gnoll barely misses you. The endoplasm freezes you.
You are frozen.
The gnoll hits you with a +0 flail!
You hit the endoplasm.
You feel better.
You kill the endoplasm!
You closely miss the gnoll. You barely miss the gnoll.
The gnoll closely misses you. The gnoll hits you with a +0 flail!
The gnoll hits you but does no damage.
1339 ||| DRINKING potion of heal wounds.
You feel much better. The gnoll hits you with a +0 halberd.
The gnoll hits you with a +0 flail. The gnoll barely misses you. x2
You closely miss the gnoll.
The gnoll is heavily wounded.
You hit the gnoll but do no damage. You closely miss the gnoll.
The gnoll hits you with a +0 flail. The gnoll hits you with a +0 flail!
The gnoll closely misses you.
You hit the gnoll. You freeze the gnoll.
The gnoll is almost dead.
You completely miss the gnoll. You hit the gnoll. The gnoll barely misses you.
The gnoll hits you with a +0 flail!
You die...
Xom chuckles heartily!

#.'..###.##.#.##
## #.#7##
#.##.#.# #.###
#.##.#.. #.#.#
#.#..### #...#
#.#.# ###.#
#.#.##
#.####....###
#...........#
########@g#.#
#gg# #g.# #...
#.##. #.# ## #.#
#.# #.#


You could see 4 gnolls.

Vanquished Creatures
  A worm (D:2)
  2 endoplasms
  A giant cockroach (D:1)
  5 goblins
  2 hobgoblins
  2 quokkas (D:1)
  2 bats (D:1)
  2 frilled lizards
  4 kobolds (D:1)
  5 rats
26 creatures vanquished.

Notes
Turn   | Place    | Note
-------+----------+-------------------------------------------
     0 | D:1      | qw the Barachi Chaos Knight began the quest for the Orb.
     0 | D:1      | Reached XP level 1. HP: 18/18 MP: 1/1
     0 | D:1      | 0 ||| qw: Version: 0.1-a-104-g96f76f8
     0 | D:1      | 0 ||| qw: Game counter: 5927
     0 | D:1      | 0 ||| qw: Always use a shield: true
     0 | D:1      | 0 ||| qw: God list: Okawaru
     0 | D:1      | 0 ||| qw: Allow faded altars: false
     0 | D:1      | 0 ||| qw: Do Orc after D:15 true
     0 | D:1      | 0 ||| qw: Do second Lair branch before Depths: true
     0 | D:1      | 0 ||| qw: Lair rune preference: random
     0 | D:1      | 0 ||| qw: Plans: Normal
     0 | D:1      | 0 ||| PLANNING D:1-11
     0 | D:1      | Fell from the grace of Xom
   118 | D:1      | 118 ||| Stepping ~*~*~tactically~*~*~ (stealth).
   372 | D:1      | Reached XP level 2. HP: 24/24 MP: 2/2
   487 | D:1      | Reached skill level 4 in Axes
   592 | D:1      | Found a faded altar of an unknown god.
   618 | D:1      | Found Neosar's Vocational Training.
   778 | D:1      | 778 ||| DROPPING +0 club.
  1121 | D:1      | 1121 ||| UPGRADING to +0 helmet.
  1126 | D:1      | 1126 ||| READING scroll labelled IRON IGULAET.
  1127 | D:1      | 1127 ||| READING 4 scrolls labelled KUODDO WUBRO.
  1128 | D:1      | 1128 ||| READING 3 scrolls of identify.
  1128 | D:1      | 1128 ||| IDENTIFYING black potion
  1129 | D:1      | 1129 ||| READING 2 scrolls of identify.
  1129 | D:1      | 1129 ||| IDENTIFYING smoky sapphire potion
  1130 | D:1      | 1130 ||| DROPPING potion of invisibility.
  1197 | D:2      | 1197 ||| Stepping ~*~*~tactically~*~*~ (stealth).
  1205 | D:2      | 1205 ||| Stepping ~*~*~tactically~*~*~ (stealth).
  1221 | D:2      | Reached XP level 3. HP: 24/29 MP: 3/3
  1338 | D:2      | HP: 7/29 [gnoll/+0 flail (7)]
  1339 | D:2      | 1339 ||| DRINKING potion of heal wounds.
  1341 | D:2      | Slain by a gnoll

Levels and vault maps discovered:
D:1:      elethiomel_arrival_shortcut, layout_loops_corners,
          ebering_ecumenical_altar_ruins, nicolae_shop_vocational
D:2:      kennysheep_six_static_rooms, layout_loops_ring, grunt_ministairs_8

Skill      XL: |  1  2 |
---------------+-------+-----
Axes           | 4 |  4.6
Fighting       | |  3.6
Armour         | |  2.4
Dodging        | |  1.1

Action                   || total
-------------------------++-------
Melee: Hand axe          ||    72
Invok: Renounce Religion ||     1
  Use: Scroll            ||     4
       Potion            ||     1
Armor: Leather armour    ||    17
Dodge: Dodged            ||    31

Table legend:
 A = Non-vault XP
 B = Vault XP
 C = Vault XP percentage of total XP
 D = Non-vault monster count
 E = Vault monster count
 F = Vault count percentage of total count
                 A         B        C        D         E       F
            +---------+---------+-------+---------+---------+-------
      Total |      39 |       3 |   7.1 |      24 |       2 |   7.7
            +---------+---------+-------+---------+---------+-------
        D:1 |      29 |       0 |   0.0 |      20 |       0 |   0.0
        D:2 |      10 |       3 |  23.1 |       4 |       2 |  33.3
            +---------+---------+-------+---------+---------+-------
